AoeStats
← danmen2001

Arabia

509497820Analyzed
1v1 RM · 7d ago on Sep 27, 2026· 56m 46s· 2 players
Game mode
Random Map
Map size
Tiny (2 player)
Population
200
Speed
Normal
Resources
Standard
Victory
Conquest
Starting age
Dark Age
Ending age
Imperial Age
RankedLock teamsTeams togetherTeam positionsShared explorationLock speedFull tech treeHidden civsTurbo modeCheats
Victory
Defeat
🇨🇴 Saracens · Colombia
1087
+16
🇦🇷 Ethiopians · Argentina
1082
-16
Mjuan
0:26 Loom
10:50 Feudal Age
15:41 Fletching
24:01 Castle Age
23:09 Horse Collar
23:20 Stone Mining
23:17 Double-Bit Axe
23:25 Gold Mining
32:51 Imperial Age
31:09 Bodkin Arrow
31:14 Padded Archer Armor
33:45 Bracer
33:45 Padded Archer Armor
35:26 Heavy Plow
36:26 Crossbowman
37:11 Thumb Ring
38:08 Ballistics
38:49 Chemistry
40:36 Wheelbarrow
41:02 Leather Archer Armor
40:58 Forging
40:53 Scale Barding Armor
41:27 Wheelbarrow
43:33 Chemistry
42:11 Light Cavalry
43:28 Iron Casting
45:36 Ring Archer Armor
50:03 Hussar
56:09 Blast Furnace
55:30 Chain Barding Armor
danmen2001
3:40 Loom
10:05 Feudal Age
11:57 Double-Bit Axe
20:45 Castle Age
20:00 Fletching
21:26 Elite Skirmisher
21:36 Elite Skirmisher
23:29 Bodkin Arrow
31:24 Bloodlines
31:14 Husbandry
31:02 Horse Collar
32:17 Bow Saw
33:44 Gold Mining
37:31 Imperial Age
36:26 Padded Archer Armor
37:39 Ballistics
37:53 Thumb Ring
38:44 Wheelbarrow
38:19 Stone Mining
40:39 Chemistry
40:20 Conscription
41:05 Husbandry
41:25 Bracer
45:37 Scale Barding Armor
45:43 Forging
47:39 Hand Cart
47:59 Chain Barding Armor
48:15 Iron Casting
47:21 Heavy Camel Rider
48:47 Leather Archer Armor
50:41 Town Watch
51:33 Plate Barding Armor
51:58 Blast Furnace
52:21 Gold Shaft Mining
53:07 Siege Engineers
54:58 Guard Tower
56:19 Keep
Connection lost

Rejoining the realm…

Still unreachable

The connection could not be restored.

Session expired

The server has moved on; the page needs a fresh start.